 Dungeon Crawl Stone Soup version 0.20.1-1-g8b1a95d (webtiles) character file.

85 robba the Slasher (level 4, 0/34 HPs)
             Began as a Human Gladiator on Aug 23, 2017.
             Was an Initiate of Ashenzari.
             Slain by a gnoll
             ... wielding a +0 flail
              (10 damage)
             ... on level 2 of the Dungeon.
             The game lasted 00:11:30 (1230 turns).

robba the Slasher (Human Gladiator)                 Turns: 1230, Time: 00:11:31

Health: 0/34       AC:  7    Str: 14    XL:     4   Next: 75%
Magic:  4/4        EV: 13    Int:  8    God:    Ashenzari [......]
Gold:   92         SH:  0    Dex: 16    Spells: 3/3 levels left

rFire    . . .     SeeInvis .   s - +0 mace
rCold    . . .     Gourm    .   (no shield)
rNeg     . . .     Faith    .   b - +0 leather armour
rPois    .         Spirit   .   c - +0 helmet
rElec    .         Reflect  .   (no cloak)
rCorr    .         Harm     .   t - +0 pair of gloves
MR       .....                  (no boots)
Stlth    +.........             (no amulet)
Regen    0.2/turn               (no ring)
MPRegen  0.1/turn               (no ring)

@: no status effects
A: yellow scales 1, agile 1, weak 1
a: Curse Item, Renounce Religion


You were on level 2 of the Dungeon.
You worshipped Ashenzari.
Ashenzari was noncommittal.
You were not hungry.

You visited 1 branch of the dungeon, and saw 2 of its levels.

You collected 92 gold pieces.

Inventory:

Hand Weapons
 a - a +0 long sword
 s - a +0 mace (weapon)
Missiles
 d - 3 throwing nets (quivered)
 e - 5 tomahawks
Armour
 b - a +0 leather armour (worn)
 c - a +0 helmet (worn)
 l - a +0 plate armour
 t - a +0 pair of gloves (worn)
Wands
 r - a wand of lightning (9/15)
Scrolls
 h - a scroll of teleportation {unknown}
 i - a scroll of random uselessness {unknown}
 j - 2 scrolls of amnesia {unknown}
 p - 2 scrolls of remove curse
Potions
 o - a potion of mutation
Comestibles
 f - 4 bread rations
 g - 3 meat rations


   Skills:
 + Level 2.6 Fighting
 + Level 4.0 Long Blades
 + Level 2.1 Throwing
 + Level 1.1 Armour
 + Level 3.5 Dodging


You had 3 spell levels left.
You didn't know any spells.

Dungeon Overview and Level Annotations

Branches:
Dungeon (2/15)

Altars:
Ashenzari


Innate Abilities, Weirdness & Mutations

You are partially covered in yellow scales. (AC +2)
You are agile. (Dex +2)
You are weak. (Str -2)


Message History

You closely miss the gnoll. The gnoll closely misses you.
The gnoll barely misses you.
You are too injured to fight recklessly!
You are too injured to fight recklessly!
You sock the gnoll!
The gnoll is heavily wounded.
The gnoll hits you but does no damage.
You sock the gnoll!
You kill the gnoll!
You hit the gnoll.
The gnoll is moderately wounded.
The gnoll misses you. The gnoll completely misses you.
You sock the gnoll!
The gnoll is almost dead.
You barely miss the gnoll.
The gnoll is almost dead.
The gnoll hits you with a whip.
* * * LOW HITPOINT WARNING * * *
The gnoll hits you with a flail!
You die...

..............##.##.#.#
.................##.#.#
......#.###...#####.#.###+##
#.###.#.# #...# ###........# ##..
#.###.#.###..(###..........+ ....
..).(.(........##..........# #...
#.###.#.###..#)##..........###..#
#.# #.#.# #..#.####>...##........
#.# #.#.# #....g@...............
#.# #.#.# #..#.#g........###.#.#
#.###.#.###..#'#.....#...# #.#.##
.....................#...###<#รท#.
#.###.#..#...........#...+...#...
.....................#...##......
#..##.#..#..#...###.####.###.#...
#..##.#..#..#...# #.####.###.#...
#..##.#..#..##.####.#............


You could see 2 gnolls.

Vanquished Creatures
  2 gnolls (D:2)
  2 adders (D:2)
  A worm (D:2)
  A dart slug (D:2)
  5 bats
  2 giant cockroaches (D:1)
  3 goblins
  8 hobgoblins
  3 jackals (D:2)
  A quokka (D:1)
  2 frilled lizards
  5 kobolds
  5 rats (D:1)
40 creatures vanquished.

Notes
Turn   | Place    | Note
-------+----------+-------------------------------------------
     0 | D:1      | robba the Human Gladiator began the quest for the Orb.
     0 | D:1      | Reached XP level 1. HP: 16/16 MP: 1/1
    42 | D:1      | Reached XP level 2. HP: 19/22 MP: 2/2
   381 | D:1      | Reached XP level 3. HP: 23/27 MP: 3/3
   688 | D:2      | Reached XP level 4. HP: 13/34 MP: 4/4
   980 | D:2      | Reached skill level 4 in Long Blades
  1075 | D:2      | Found a shattered altar of Ashenzari.
  1141 | D:2      | Became a worshipper of Ashenzari the Shackled
  1176 | D:2      | Reached skill level 1 in Armour
  1179 | D:2      | Gained mutation: You are weak. (Str -2) [potion of mutation]
  1179 | D:2      | Gained mutation: You are partially covered in yellow scales. (AC +2) [potion of mutation]
  1179 | D:2      | Gained mutation: You are agile. (Dex +2) [potion of mutation]
  1230 | D:2      | Slain by a gnoll

Skill      XL: |  1  2  3  4 |
---------------+-------------+-----
Long Blades    | 4 |  4.0
Armour         | 1 |  1.1
Fighting       | |  2.6
Throwing       | |  2.1
Dodging        | |  3.5

Action                   |  1- 3 |  4- 6 || total
-------------------------+-------+-------++-------
Melee: Long sword        |    75 |     9 ||    84
       Mace              |       |    30 ||    30
  Use: Potion            |       |     5 ||     5
  Eat: Fruit             |       |     1 ||     1
Armor: Leather armour    |    15 |     9 ||    24
       Skin              |       |    16 ||    16
Dodge: Dodged            |    66 |    33 ||    99
       Rpst.: Long sword |    24 |     1 ||    25
